 Dungeon Crawl Stone Soup version 0.31.0-11-ge490571c62 (webtiles) character file.

Game seed: 10150475058319865385

2022 Curundu the Cleaver (level 9, -15/79 HPs)
             Began as a Minotaur Berserker on Feb 1, 2024.
             Was a Priest of Trog.
             Demolished by a boulder beetle (18 damage)
             ... on level 7 of the Dungeon.
             The game lasted 00:17:52 (5967 turns).

Curundu the Cleaver (Minotaur Berserker)            Turns: 5967, Time: 00:17:53

Health: -15/79     AC: 14    Str: 26    XL:     9   Next: 3%
Magic:  8/8        EV:  8    Int:  4    God:    Trog [***...]
Gold:   555        SH:  0    Dex: 10    Spells: 8/8 levels left

rFire   . . .        p - +0 war axe
rCold   . . .        (no shield)
rNeg    . . .        h - +0 plate armour
rPois   .            (helmet restricted)
rElec   .            (no cloak)
rCorr   .            (no gloves)
SInv    .            n - +0 pair of boots
Will    .....        (no amulet) Stlth
                     (no ring)
HPRegen 0.33/turn    (no ring)
MPRegen 0.11/turn

%: no passive effects
@: on berserk cooldown, slowed, very slow
A: horns 2, retaliatory headbutt
a: Renounce Religion, Berserk, Trog's Hand


You were on level 7 of the Dungeon.
You worshipped Trog.
Trog was most pleased with you.
You visited 1 branch of the dungeon, and saw 7 of its levels.

You collected 555 gold pieces.

Inventory:

Hand Weapons
 p - a +0 war axe (weapon)
Missiles
 a - 6 silver javelins (quivered)
Armour
 h - a +0 plate armour (worn)
 n - a +0 pair of boots (worn)
Scrolls
 c - 2 scrolls of teleportation
 d - a scroll of blinking
 m - a scroll of fog {unknown}
 q - 2 scrolls of poison {unknown}
 r - a scroll of vulnerability
Potions
 b - a potion of invisibility {unknown}
 e - 5 potions of curing
 f - 2 potions of might
 g - 2 potions of lignification
 i - 3 potions of heal wounds
 j - 2 potions of mutation {unknown}
 k - a potion of berserk rage {unknown}
 l - a potion of ambrosia {unknown}
 o - a potion of cancellation {unknown}


   Skills:
 + Level 7.3 Fighting
 + Level 10.6 Axes
 + Level 6.9 Armour
 + Level 3.8 Dodging
 + Level 1.4 Stealth


You had 8 spell levels left.
You didn't know any spells.
Your spell library was empty.

Dungeon Overview and Level Annotations

Branches:
Dungeon (7/15)             Temple (0/1) D:6

Altars:
Dithmenos
Fedhas
Hepliaklqana
Makhleb
The Shining One

Shops:
D:4 *   D:6 =


Innate Abilities, Weirdness & Mutations

You have a pair of horns on your head.
You reflexively headbutt those who attack you in melee.


Message History

You feel yourself slow down. The boulder beetle barely misses you.
You hit the boulder beetle but do no damage.
You headbutt the boulder beetle, but do no damage.
The boulder beetle is heavily wounded.
The boulder beetle bites you!
You hit the boulder beetle but do no damage.
The boulder beetle is heavily wounded.
Your skin stops crawling.
You feel less strong-willed. The boulder beetle closely misses you.
The boulder beetle leaps!
The boulder beetle bites you.
You hit the boulder beetle but do no damage.
You punch the boulder beetle, but do no damage.
The boulder beetle is heavily wounded.
The boulder beetle bites you but does no damage.
The boulder beetle leaps!
The boulder beetle closely misses you. You furiously retaliate!
You headbutt the boulder beetle! The boulder beetle bites you.
You barely miss the boulder beetle.
You headbutt the boulder beetle, but do no damage.
The boulder beetle is heavily wounded.
The boulder beetle bites you!
* * * LOW HITPOINT WARNING * * *
You hit the boulder beetle but do no damage.
You headbutt the boulder beetle, but do no damage.
The boulder beetle is heavily wounded.
The boulder beetle completely misses you.
You furiously retaliate!
You headbutt the boulder beetle!
You hit the boulder beetle but do no damage.
You headbutt the boulder beetle.
The boulder beetle is severely wounded.
The boulder beetle bites you.
* * * LOW HITPOINT WARNING * * *
The boulder beetle leaps!
The boulder beetle barely misses you.
You hit the boulder beetle but do no damage.
The boulder beetle is severely wounded.
The boulder beetle bites you!
* * * LOW HITPOINT WARNING * * *
The boulder beetle bites you!!
You die...

.#
..≈≈.≈≈.##########
.#.
..≈≈.≈≈.......#
...
..§§§≈≈.#####.#
...... ..§≈≈§≈...#
....)..#
#..≈§§..#.#
.......#
........#.#
.......#
.......##.#
.......#
.....####.#
.......#
.....+B@..#
.......#
.....######
.......# ..
.......# [......#
.......# ########
.......# .#####.#


You could see a boulder beetle.

Vanquished Creatures
  Menkaure (D:6)
  3 ogres
  2 ice beasts (D:6)
  A black bear (D:4)
  A centaur (D:6)
  A phantom (D:7)
  A kobold brigand (D:4)
  A gnoll sergeant (D:7)
  A bullfrog (D:6)
  2 scorpions
  A howler monkey (D:4)
  A bombardier beetle (D:6)
  9 hounds
  3 iguanas
  A jelly (D:6)
  An orc priest (D:4)
  4 orc wizards
  Terence (D:2)
  4 gnolls (D:7)
  10 adders
  3 white imps
  2 ufetubi (D:6)
  2 dart slugs
  4 ribbon worms
  20 orcs
  7 bats
  9 endoplasms
  7 giant cockroaches
  9 goblins
  9 hobgoblins
  4 jackals (D:3)
  8 kobolds
  8 quokkas
  10 ball pythons
  A frilled lizard (D:1)
  3 rats
155 creatures vanquished.

Notes
Turn   | Place    | Note
-------+----------+-------------------------------------------
     0 | D:1      | Curundu the Minotaur Berserker began the quest for the Orb.
     0 | D:1      | Reached XP level 1. HP: 19/19 MP: 0/0
   159 | D:1      | Reached XP level 2. HP: 22/27 MP: 1/1
   226 | D:1      | Reached skill level 4 in Axes
   487 | D:1      | Reached XP level 3. HP: 34/34 MP: 2/2
   494 | D:1      | Reached ** piety under Trog
  1046 | D:2      | Reached XP level 4. HP: 10/41 MP: 3/3
  1506 | D:2      | Noticed Terence
  1512 | D:2      | Killed Terence
  1513 | D:2      | Reached skill level 5 in Fighting
  1838 | D:3      | Reached XP level 5. HP: 43/48 MP: 4/4
  1940 | D:3      | Found a faded altar of an unknown god.
  1951 | D:3      | Found a glowing golden altar of the Shining One.
  1970 | D:3      | Reached skill level 5 in Axes
  2030 | D:3      | Found a shadowy altar of Dithmenos.
  2752 | D:4      | Found Biluari's Gadget Gallery.
  2774 | D:4      | Reached skill level 1 in Stealth
  2825 | D:4      | Reached XP level 6. HP: 20/57 MP: 5/5
  2834 | D:4      | Reached skill level 6 in Axes
  3170 | D:4      | Reached *** piety under Trog
  3381 | D:4      | Reached XP level 7. HP: 55/62 MP: 6/6
  3722 | D:4      | Reached skill level 7 in Axes
  3999 | D:5      | Entered Level 5 of the Dungeon
  4497 | D:6      | Reached skill level 8 in Axes
  4507 | D:6      | Reached skill level 5 in Armour
  4630 | D:6      | Reached XP level 8. HP: 44/70 MP: 7/7
  4650 | D:6      | Reached skill level 9 in Axes
  4845 | D:6      | Noticed Menkaure
  4850 | D:6      | Killed Menkaure
  5014 | D:6      | Found a blossoming altar of Fedhas.
  5256 | D:6      | Found Ibrisuss's One-of-a-Kind Rings.
  5283 | D:6      | Found a burning altar of Makhleb.
  5365 | D:6      | Reached skill level 10 in Axes
  5540 | D:6      | Found a staircase to the Ecumenical Temple.
  5852 | D:7      | Reached XP level 9. HP: 61/79 MP: 8/8
  5925 | D:7      | Found a hazy altar of Hepliaklqana.
  5937 | D:7      | Noticed a boulder beetle
  5967 | D:7      | HP: 3/79 [boulder beetle (7)]
  5967 | D:7      | Demolished by a boulder beetle

Illustrated notes

Levels and vault maps discovered:
D:1:      dpeg_arrival_simpleton_c, layout_basic
D:2:      layout_rooms, serial_co_window_serial, co_window_of_opportunity_a,
          co_window_of_opportunity_a, co_window_paths_a, co_window_corner_a,
          co_window_corner_a, co_window_paths_b, co_window_of_opportunity_a,
          co_window_paths_b, co_window_paths_b, co_window_of_opportunity_b,
          co_window_cross_4, co_window_of_opportunity_b,
          co_window_unsneaky_path_a, co_window_2corner, co_window_paths_e,
          glass_columns_a, glass_columns_b, glass_columns_a, glass_columns_c,
          uniq_terence
D:3:      layout_basic, lemuel_round_altar, nicolae_overflow_ecumenical_swirl,
          grunt_ministairs_3, minmay_mini_jars
D:4:      black_bear_nest_2, layout_basic, st_stairs_11, nicolae_shop_gadgets
D:5:      layout_gridville
D:6:      layout_rooms, fedhas_altar_4, bloody_makhleb, temple_hall,
          nicolae_shop_unique_rings, kennysheep_generic_room_16, uniq_menkaure
D:7:      layout_basic, grunt_temple_overflow_gold_and_silver,
          mainiacjoe_overflow_catwalk

Skill      XL: |  1  2  3  4  5  6  7  8 |
---------------+-------------------------+-----
Fighting       | 4 5 6 7 |  7.3
Axes           | 4 5 6 8 10 | 10.6
Dodging        | 3 |  3.8
Stealth        | 1 |  1.4
Armour         | 3 5 6 |  6.9

Action                     |  1- 3 |  4- 6 |  7- 9 || total
---------------------------+-------+-------+-------++-------
  Melee: Hand axe          |    85 |   190 |     5 ||   280
         Headbutt          |     9 |    27 |    23 ||    59
         Punch             |     1 |     2 |     1 ||     4
         War axe           |       |       |   135 ||   135
 Invoke: Trog's Hand       |     2 |     2 |     6 ||    10
         Berserk           |     1 |     2 |     2 ||     5
    Use: Scroll            |       |    10 |     2 ||    12
 Armour: Animal skin       |    50 |    11 |       ||    61
         Scale mail        |       |     9 |       ||     9
         Plate armour      |       |   128 |   154 ||   282
  Dodge: Dodged            |    47 |    78 |    69 ||   194
